 Dungeon Crawl Stone Soup version 0.23.0-3-gf3c87f2 (webtiles) character file.

Game seed: 13473380055868626561

18 Kairos the Grasshopper (level 2, 14/15 HPs)
             Began as a Vine Stalker Warper on Feb 24, 2019.
             Quit the game on level 1 of the Dungeon.
             The game lasted 00:00:39 (430 turns).

Kairos the Grasshopper (Vine Stalker Warper)         Turns: 430, Time: 00:00:40

Health: 14/15      AC:  9    Str: 13    XL:     2   Next: 70%
Magic:  6/6        EV:  6    Int: 13    God:
Gold:   30         SH:  0    Dex: 13    Spells: 5/5 levels left

rFire    . . .     SeeInvis .   a - +0 hand axe
rCold    . . .     Gourm    .   (no shield)
rNeg     . . .     Faith    .   c - +0 chain mail
rPois    .         Spirit   +   (no helmet)
rElec    .         Reflect  .   g - +0 cloak
rCorr    .         Harm     .   (no gloves)
MR       .....                  (no boots)
Stlth    ..........             (no amulet)
HPRegen  0.05/turn              (no ring)
MPRegen  0.10/turn              (no ring)

@: no status effects
A: fangs 2, magic shield, antimagic bite, no potion heal 3, rot immunity
a: no special abilities


You were on level 1 of the Dungeon.
You were not hungry.

You visited 1 branch of the dungeon, and saw 1 of its levels.

You collected 30 gold pieces.

Inventory:

Hand Weapons
 a - a +0 hand axe (weapon)
Missiles
 e - 5 tomahawks of dispersal (quivered)
 h - 8 tomahawks
Armour
 b - a +0 leather armour
 c - a +0 chain mail (worn)
 g - a +0 cloak (worn)
Scrolls
 d - a scroll of blinking
Comestibles
 f - 4 rations


   Skills:
 + Level 2.0 Fighting
 + Level 2.1 Axes
 + Level 0.8 Throwing
 + Level 0.9 Armour
 + Level 1.9 Dodging
 + Level 2.4 Spellcasting
   Level 3.0 Translocations


You had 5 spell levels left.
You didn't know any spells.
Your spell library contained the following spells:

 Spells                   Type           Power        Failure   Level  Hunger
 Blink                    Tloc           N/A          98%         2    ###....
 Shroud of Golubria       Chrm/Tloc      #.........   100%        2    ###....
 Gell's Gravitas          Tloc           #.........   100%        3    ###....
 Lesser Beckoning         Tloc           #.........   100%        3    ###....
 Teleport Other           Tloc           #.......     100%        3    ###....
 Passage of Golubria      Tloc           N/A          100%        4    #####..


Dungeon Overview and Level Annotations

Branches:
Dungeon (1/15)

Altars:


Innate Abilities, Weirdness & Mutations

You have extremely sharp teeth.
When hurt, damage is shared between your health and your magic reserves.
Your bite disrupts and absorbs the magic of your enemies.
Potions cannot restore your health.
You are immune to rotting.


Message History

The kobold hits you but does no damage.
Your chain mail prevents you from hitting the kobold.
You bite the kobold, but do no damage. The kobold hits you but does no damage.
You closely miss the kobold. The kobold barely misses you.
You closely miss the kobold. Your bite misses the kobold.
The kobold hits you but does no damage.
You hit the kobold.
You kill the kobold!
No target in view!
No target in view!
No target in view!
No target in view!
No target in view!
Wield which item (- for none, * to show all)? (? for menu, Esc to quit)
Okay, then.
As you read the scroll labeled IWIDIO ELANLEHU, it crumbles to dust.
You feel blessed for a moment.
It was a scroll of remove curse.
Unknown command.
You aren't carrying any potions.
Are you sure you want to abandon this character and quit the game? (Confirm with "yes".)

≈≈#.#☼§○≈## ########
####.# ### ....# #..
#..# #.# # #..### #†#
##.#####....####.####
#. .......#.......†..
#..##.#.....####.###.
#..(@(......# #.# #.
#......#....## #.###.
#..#####.#.## #.....
#. #.#.# ###.#. ###
#..#####.#.# #.#. ..#
#.......)#'## #.#.
..# #.#######...##
#.#. ..# ##.#
##.....## #.## .##
##..# ##.......##
#..#


There were no monsters in sight!

Vanquished Creatures
  An ooze (D:1)
  3 bats (D:1)
  3 goblins (D:1)
  2 hobgoblins (D:1)
  4 kobolds (D:1)
13 creatures vanquished.

Notes
Turn   | Place    | Note
-------+----------+-------------------------------------------
     0 | D:1      | Kairos the Vine Stalker Warper began the quest for the Orb.
     0 | D:1      | Reached XP level 1. HP: 11/11 MP: 4/4
    78 | D:1      | Reached XP level 2. HP: 15/15 MP: 6/6
   430 | D:1      | Quit the game

Skill      XL: |  1  2 |
---------------+-------+-----
Axes           | 2 |  2.1
Fighting       | 2 |  2.0
Throwing       | |  0.8
Armour         | |  0.9
Dodging        | |  1.9
Spellcasting   | |  2.4
Translocations | |  3.0

Action                   || total
-------------------------++-------
Melee: Hand axe          ||    50
       Bite              ||     9
  Use: Scroll            ||     1
Armor: Chain mail        ||    58
Dodge: Dodged            ||    25
